Map: Automaton LE

Players

QDN - Winner!

  • Race: Protoss Protoss
  • League: Platinum
  • Spawn Location: 9:00

BadFaith

  • Race: Zerg Zerg
  • League: Platinum
  • Spawn Location: 3:00

VOD

Have the link to the VOD?

Description

Time

  • Played on: Dec. 13, 2018, 10:04 a.m.
  • Length: 9:00
Show
View Real Time Build Order
Export as new Build Order

QDN Protoss - Winner!

Build Orders: Zealot Archon 

Get SALT Encoding   

  12  0:01  Probe  
  13  0:13  Probe  
  14  0:22  Pylon  
  14  0:25  Probe  
  15  0:38  Probe  
  15  0:41  Gateway  
  16  0:46  Probe  
  16  0:54  Probe  
  16  0:56  Assimilator  
  18  1:06  Probe  
  19  1:18  Probe, Pylon  
  20  1:30  Probe  
  21  1:35  Cybernetics Core  
  21  1:42  Probe  
  22  1:55  Probe  
  23  2:03  Warp Gate  
  23  2:07  Probe  
  24  2:13  Nexus  
  24  2:18  Adept  
  26  2:27  Assimilator  
  26  2:31  Pylon  
  26  2:36  Probe  
  27  2:41  Adept  
  27  2:43  Robotics Facility  
  29  2:53  Probe  
  30  3:05  Gateway  
  30  3:11  Gateway  
  30  3:21  Sentry  
  32  3:28  Probe  
  32  3:29  Probe  
  34  3:35  Observer  
  34  3:37  Probe  
  36  3:49  Probe  
  36  3:50  Probe, Stalker  
  36  3:54  Assimilator  
  36  3:55  Assimilator  
  40  4:01  Observer, Probe  
  40  4:02  Probe  
  43  4:18  Probe x2  
  41  4:26  Stalker  
  41  4:27  Stalker  
  41  4:30  Probe x2  
  47  4:32  Immortal  
  47  4:37  Pylon  
  51  4:42  Probe  
  51  4:43  Probe, Pylon  
  53  4:51  Probe  
  53  4:54  Probe  
  55  5:00  Probe  
  55  5:01  Immortal, Twilight Council  
  55  5:06  Probe  
  61  5:16  Probe  
  61  5:18  Probe  
  63  5:28  Probe  
  63  5:30  Probe, Zealot  
  63  5:31  Zealot  
  63  5:35  Gateway  
  69  5:38  Gateway  
  69  5:41  Gateway  
  69  5:44  Pylon  
  69  5:48  Charge  
  69  5:50  Pylon  
  69  5:53  Templar Archives  
  69  6:02  Immortal  
  74  6:05  Pylon  
  74  6:09  Sentry x2  
  77  6:33  Pylon  
  77  6:37  Pylon  
  77  6:39  Pylon  
  77  6:40  Zealot  
  77  6:41  Warp Prism  
  81  6:53  Shield Battery  
  81  7:00  High Templar x3  
  81  7:01  High Templar x2  
  91  7:05  Archon x2  
  91  7:07  Zealot  
  93  7:08  Probe  
  93  7:14  Pylon  
  94  7:32  Pylon  
  92  7:44  Zealot x4  
  92  7:46  High Templar, Zealot  
  92  7:51  Archon  
  100  8:05  Zealot x4  
  98  8:18  Zealot  
  98  8:30  Zealot x3  
  98  8:31  Zealot x2  
  94  8:48  Zealot  
Show
View Real Time Build Order
Export as new Build Order

BadFaith Zerg 

Build Orders: Hatch First 

Get SALT Encoding   

  12  0:01  Drone  
  13  0:12  Overlord  
  13  0:20  Drone  
  14  0:31  Drone x2  
  14  0:34  Drone  
  17  0:56  Hatchery  
  17  0:57  Drone  
  17  1:01  Extractor  
  17  1:02  Drone  
  17  1:17  Spawning Pool  
  16  1:22  Drone  
  17  1:26  Drone  
  17  1:29  Drone  
  19  1:39  Drone  
  20  1:53  Overlord  
  20  2:00  Drone  
  21  2:03  Metabolic Boost  
  21  2:09  Zergling x2  
  21  2:10  Queen  
  21  2:14  Drone  
  25  2:20  Drone  
  26  2:24  Queen  
  26  2:28  Drone  
  29  2:32  Drone  
  31  2:37  Drone  
  31  2:44  Drone x2  
  33  2:52  Drone  
  34  3:06  Overlord  
  34  3:08  Hatchery  
  34  3:09  Overlord  
  34  3:12  Drone  
  34  3:16  Drone x2  
  36  3:23  Zergling x2  
  36  3:24  Zergling x4  
  38  3:28  Drone x2  
  40  3:35  Drone x3  
  40  3:37  Pneumatized Carapace  
  43  3:45  Drone x2  
  45  3:49  Drone  
  45  3:53  Drone  
  47  4:01  Drone x4  
  51  4:03  Lair  
  51  4:08  Zergling x2  
  51  4:12  Zergling x2  
  50  4:21  Zergling x6  
  50  4:26  Drone  
  50  4:30  Queen  
  53  4:31  Drone  
  54  4:41  Drone x2  
  56  4:52  Drone  
  57  4:55  Overlord x4, Hatchery  
  56  5:04  Extractor, Drone x2  
  57  5:07  Extractor  
  57  5:10  Overlord x2, Extractor  
  57  5:11  Overlord x2  
  55  5:17  Drone x5  
  60  5:21  Queen  
  62  5:30  Drone x6  
  62  5:32  Spore Crawler  
  62  5:33  Spore Crawler  
  66  5:43  Drone x5  
  71  5:51  Drone x3  
  74  5:57  Queen, Drone x2  
  74  5:58  Queen, Drone  
  74  6:02  Drone  
  74  6:03  Drone x5  
  87  6:14  Hydralisk Den, Drone x2  
  87  6:15  Roach Warren, Extractor, Drone  
  87  6:19  Extractor, Drone x3  
  89  6:33  Queen, Overlord x2  
  89  6:34  Drone x4  
  95  6:44  Muscular Augments  
  95  6:45  Drone x6  
  101  7:02  Hydralisk x3  
  101  7:03  Hydralisk x3  
  101  7:05  Glial Reconstitution  
  101  7:07  Hydralisk x2  
  117  7:13  Baneling Nest  
  117  7:14  Roach x5  
  126  7:25  Queen, Extractor, Overlord x3  
  126  7:26  Overlord  
  126  7:27  Extractor  
  126  7:30  Extractor  
  126  7:31  Extractor  
  126  7:32  Roach, Hatchery  
  125  7:39  Evolution Chamber  
  125  7:40  Evolution Chamber  
  113  7:57  Roach x12  
  132  8:04  Roach  
  132  8:05  Roach x2  
  132  8:12  Roach x3  
  105  8:23  Hydralisk x3  
  98  8:32  Roach x3  
Tags
 
Composition
Zealot Archon
Matchup
PvZ
Replay Pack
LEARN AGAIN
Spawn Locations
Cross Positions
Add a new tag
Caveats
  • Supply blocks, unpowered buildings, or Contaminate may cause inaccurate times.
  • Supply counts are checked every 10 seconds.